 Dungeon Crawl Stone Soup version 0.28-a0-46-g7b1be97da7 (webtiles) character file.

Game seed: 713793468624435038

238 dmks the Ducker (level 6, -4/40 HPs)
             Began as a Djinni Fire Elementalist on July 30, 2021.
             Blown up by Ijyb (17 damage)
             ... with a mindburst bolt
             ... on level 3 of the Dungeon.
             The game lasted 00:07:53 (4381 turns).

dmks the Ducker (Djinni Fire Elementalist)          Turns: 4381, Time: 00:07:54

Health: -4/40      AC:  2    Str:  7    XL:     6   Next: 28%
Gold:   44         EV: 13    Int: 18    God:
                   SH:  0    Dex: 14

rFire   + + .      SeeInvis .   (no weapon)
rCold   x . .      Faith    .   (no shield)
rNeg    . . .      Spirit   .   a - +0 robe
rPois   ∞          Reflect  .   (no helmet)
rElec   .          Harm     .   (no cloak)
rCorr   .          Rampage  .   (no gloves)
Will    .....                   (boots unavailable)
Stlth   ++........              (no amulet)
HPRegen 0.13/turn               (no ring)
MPRegen 0.00/turn               (no ring)

@: flying
A: sickness immunity, fire resistance 2, cold vulnerability 1, float, innate
caster, hp casting, extra vitality 1
a: no special abilities


You were on level 3 of the Dungeon.
You visited 1 branch of the dungeon, and saw 3 of its levels.

You collected 44 gold pieces.

Inventory:

Armour
 a - a +0 robe (worn)
Jewellery
 d - an amulet of guardian spirit
   (You found it on level 1 of the Dungeon)
Scrolls
 c - a scroll of amnesia {unknown}
 e - a scroll of identify {unknown}
 k - a scroll of fog {unknown}
 m - a scroll of teleportation {unknown}
Potions
 b - a potion of haste {@q3}
 f - 2 potions of resistance {unknown}
 g - a potion of brilliance {unknown}
 h - a potion of curing {unknown}
 i - 2 potions of cancellation {unknown}
 j - a potion of heal wounds {unknown}
 l - 2 potions of degeneration {unknown}
 n - a potion of attraction {unknown}
 o - a potion of might {unknown}


   Skills:
 + Level 4.2 Dodging
 + Level 3.3 Stealth
 + Level 3.5 Spellcasting


You couldn't memorise any spells.
You knew the following spells:

 Your Spells              Type           Power      Damage    Failure   Level
a - Foxfire               Conj/Fire      60%        2x1d7     3%          1
b - Inner Flame           Hex/Fire       15%        N/A       11%         3
c - Beastly Appendage     Tmut           30%        N/A       3%          1
d - Conjure Flame         Conj/Fire      15%        6-21      11%         3
e - Call Imp              Summ           15%        N/A       5%          2
q - Sticky Flame          Conj/Fire      15%        2d4       36%         4
x - Fireball              Conj/Fire      7%         3d5       71%         5
Your spell library was empty.

Dungeon Overview and Level Annotations

Branches:
Dungeon (3/15)

Altars:
Vehumet
Xom

Annotations:
D:3 Ijyb


Innate Abilities, Weirdness & Mutations

You are immune to sickness and miasma.
You are immune to poison.
Your flesh is very heat resistant. (rF++)
You are vulnerable to cold. (rC-)
You float through the air rather than walking.
You learn spells naturally, not from books.
Your magical power is your life essence.
You have superior vitality. (+4 HP)


Message History

You miscast Foxfire.
You are very lightly contaminated with residual magic.
Nothing appears to happen.
You conjure some foxfire!
Your white imp hits Ijyb.
Your white imp freezes Ijyb.
Ijyb zaps a wand.
Your mind is blasted!
The foxfire hits Ijyb but does no damage. x2
Your white imp hits Ijyb but does no damage.
Ijyb zaps a wand.
Your mind is blasted!
* * * LOW HITPOINT WARNING * * *
A beastly little devil appears in a puff of flame.
* * * LOW HITPOINT WARNING * * *
Your white imp misses Ijyb.
A hobgoblin comes into view.
Ijyb misses your crimson imp.
Your white imp gestures at Ijyb.
The puff of frost hits Ijyb but does no damage.
Ijyb hits your crimson imp with a +0 club.
Your crimson imp hits Ijyb but does no damage.
Your white imp barely misses Ijyb.
Ijyb zaps a wand.
Your crimson imp's mind is blasted!
Your crimson imp misses Ijyb.
A beastly little devil appears in a puff of flame.
* * * LOW HITPOINT WARNING * * *
The hobgoblin hits your white imp but does no damage.
Your white imp barely misses Ijyb.
Ijyb closely misses your crimson imp.
Your crimson imp closely misses Ijyb.
Your magical contamination has completely faded away.
The hobgoblin barely misses your white imp.
Your white imp gestures at Ijyb.
The puff of frost hits Ijyb!
Ijyb hits your white imp with a +0 club.
Your crimson imp blinks!
You conjure some foxfire!
* * * LOW HITPOINT WARNING * * *
The hobgoblin barely misses your white imp.
Your white imp barely misses Ijyb.
Ijyb barely misses your white imp.
The foxfire hits Ijyb but does no damage.
The hobgoblin misses your white imp.
Your white imp hits Ijyb.
Your white imp freezes Ijyb.
A beastly little devil appears in a puff of flame.
* * * LOW HITPOINT WARNING * * *
The foxfire hits Ijyb.
Your crimson imp closely misses Ijyb.
The hobgoblin barely misses your white imp.
Your white imp closely misses Ijyb.
Ijyb zaps a wand.
Your mind is blasted!
You die...

#######...# #.........#
#.######..# #.#≈≈≈≈#..#
#.#≈8.≈'..# #.#≈>_≈'...
##############.#≈≈≈≈#..#
......§§§......######...
#.§@#####.........##
#5..########..#####
#####g5.##...###.###
.....55............#
....g...................
.............#...#.##...
.##.########.#.#.#.# ...
#) #.#.#.#.# ... #
#.#.#.# # ...


You could see Ijyb (ally target), a hobgoblin, 3 friendly crimson imps and a
friendly white imp (summoned, expiring).

Vanquished Creatures
  A hound (D:2)
  3 gnolls
  A dart slug (D:1)
  An orc (D:3)
  5 endoplasms
  3 giant cockroaches (D:1)
  2 goblins
  2 hobgoblins (D:1)
  8 jackals (D:1)
  2 quokkas (D:1)
  7 ball pythons
  4 bats
  A frilled lizard (D:1)
  4 kobolds
  3 rats
47 creatures vanquished.

Vanquished Creatures (collateral kills)
  Sigmund (D:2)
  Jessica (D:2)
  A gnoll (D:2)
  An adder (D:3)
  A worm (D:3)
  A dart slug (D:3)
  A foxfire (D:1)
7 creatures vanquished.

Vanquished Creatures (others)
  228 foxfires
228 creatures vanquished.

Grand Total: 282 creatures vanquished

Notes
Turn   | Place    | Note
-------+----------+-------------------------------------------
     0 | D:1      | dmks the Djinni Fire Elementalist began the quest for the
                  | Orb.
     0 | D:1      | Reached XP level 1. HP: 15/15 MP: 0/0
   405 | D:1      | Reached XP level 2. HP: 18/21 MP: 0/0
  1095 | D:1      | Reached XP level 3. HP: 21/25 MP: 0/0
  1095 | D:1      | Learned a level 1 spell: Beastly Appendage
  1156 | D:1      | Found a faded altar of an unknown god.
  1609 | D:1      | Reached skill level 3 in Dodging
  2522 | D:2      | Reached XP level 4. HP: 27/31 MP: 0/0
  3103 | D:2      | Reached XP level 5. HP: 31/35 MP: 0/0
  3103 | D:2      | Learned a level 2 spell: Call Imp
  3261 | D:2      | Found a shimmering altar of Xom.
  3316 | D:2      | Noticed Jessica
  3318 | D:2      | Killed Jessica
  3348 | D:2      | Noticed Sigmund
  3857 | D:2      | Killed Sigmund
  3858 | D:2      | Reached skill level 4 in Dodging
  3858 | D:2      | Reached XP level 6. HP: 32/40 MP: 0/0
  4368 | D:3      | Noticed Ijyb
  4381 | D:3      | Blown up by Ijyb

Illustrated notes

Levels and vault maps discovered:
D:1:      dpeg_cavernosity, layout_basic, chequers_ecumenical_altar_simple,
          serial_glass, glass_columns_a, glass_columns_a, glass_columns_b,
          glass_columns_a, glass_columns_c, glass_columns_c, glass_columns_a,
          glass_columns_a, glass_columns_b, glass_columns_c, glass_columns_a,
          glass_columns_a, glass_columns_a, glass_columns_a,
          minmay_strange_pillars, chequers_serial_rivers_marsh
D:2:      layout_basic, basic_altar, uniq_jessica, uniq_sigmund
D:3:      minmay_angry_zag, layout_basic, mainiacjoe_overflow_six_doors_small,
          general_overflow_altar, serial_shops, nicolae_shop_trees, hex_medium,
          uniq_ijyb

Skill      XL: |  1  2  3  4  5 |
---------------+----------------+-----
Stealth        | 2 3 |  3.3
Dodging        | 3 4 |  4.2
Spellcasting   | 3 |  3.5

Action                   |  1- 3 |  4- 6 || total
-------------------------+-------+-------++-------
Melee: Unarmed           |    11 |       ||    11
 Cast: Foxfire           |    96 |    46 ||   142
       Beastly Appendage |     3 |       ||     3
       Call Imp          |       |    17 ||    17
Armor: Robe              |     4 |     1 ||     5
Dodge: Dodged            |    27 |    22 ||    49

Table legend: (Time is in decaauts)
 A = Elapsed time spent in this place.
 B = Non-inter-level travel time spent in this place.
 C = Inter-level travel time spent in this place.
 D = Time resting spent in this place.
 E = Time spent auto-exploring this place.
 F = Levels seen in this place.
 G = Mean time per level.
                   A        B        C        D        E       F      G
               +--------+--------+--------+--------+--------+-----+--------+
         Total |   4381 |   4358 |     23 |   1265 |   2501 |   3 | 1460.3 |
       Dungeon |   4381 |   4358 |     23 |   1265 |   2501 |   3 | 1460.3 |
               +--------+--------+--------+--------+--------+-----+--------+

Top non-repeatable levels by time:
     D:1: 2851 daAuts
     D:2: 1243 daAuts
     D:3: 286 daAuts
